 Dungeon Crawl Stone Soup version 0.30-a0-358-g0d69a1922f (webtiles) character file.

Game seed: 15388713305177970259

1292 kae the Changer (level 8, -1/59 HPs)
             Began as a Grey Draconian Transmuter on Nov 8, 2022.
             Was an Initiate of Ru.
             Shot with an arrow by a centaur (8 damage)
             ... on level 6 of the Dungeon.
             The game lasted 00:05:40 (5521 turns).

kae the Changer (Grey Draconian Transmuter)         Turns: 5521, Time: 00:05:41

Health: -1/59      AC: -4    Str: 14    XL:     8   Next: 30%
Magic:  14/14      EV: 16    Int: 15    God:    Ru [......]
Gold:   192        SH:  0    Dex: 11    Spells: 5/15 levels left

rFire   . . .      SeeInvis .    j - +3 short sword (venom)
rCold   . . .      Faith    .    (no shield)
rNeg    + . .      Spirit   .    (body armour unavailable)
rPois   .          Reflect  .    (helmet restricted)
rElec   .          Harm     .    (no cloak)
rCorr   .          Rampage  .    r - +0 pair of gloves
Will    .....                    (no boots)
Stlth   +.........               (no amulet)
HPRegen 0.29/turn                E - +4 ring of evasion
MPRegen 0.14/turn                N - ring of positive energy

@: corroded
A: AC +11, amphibious, unfitting armour, cold-blooded
a: Renounce Religion


You were on level 6 of the Dungeon.
You worshipped Ru.
Ru was noncommittal.
You visited 2 branches of the dungeon, and saw 7 of its levels.
You also visited: Sewer.

You collected 192 gold pieces.


Innate Abilities, Weirdness & Mutations

Your dull iron-grey scales are very hard. (AC +11)
You are amphibious.
You cannot fit into any form of body armour.
You are cold-blooded and may be slowed by cold attacks.


   Skills:
 - Level 1.1 Fighting
 - Level 1.7 Dodging
 + Level 5.2 Unarmed Combat
 + Level 4.2 Spellcasting
 * Level 6.5 Transmutations
 * Level 4.3 Ice Magic
 - Level 2.0 Poison Magic


You had 5 spell levels left.
You knew the following spells:

 Your Spells              Type           Power      Damage    Failure   Level
a - Beastly Appendage     Tmut           44%        N/A       1%          1
b - Wereblood             Tmut           22%        N/A       1%          2
c - Spider Form           Tmut/Pois      15%        N/A       10%         3
d - Ice Form              Ice/Tmut       19%        N/A       19%         4

Your spell library contained the following spells:

 Spells                   Type           Power      Damage    Failure   Level


Inventory:

Hand Weapons
 j - a +3 short sword of venom (weapon)
   (You found it on level 1 of the Dungeon)
Missiles
 d - 34 stones
Armour
 r - a +0 pair of gloves (worn)
   (You found it on level 3 of the Dungeon)
Jewellery
 E - a +4 ring of evasion (left hand)
   (You found it in a sewer)
 N - a ring of positive energy (right hand)
   (You found it on level 4 of the Dungeon)
 P - a ring of poison resistance
   (You found it on level 5 of the Dungeon)
 T - an amulet of faith {!P}
   (You found it on level 3 of the Dungeon)
Scrolls
 c - a scroll of teleportation {@r4}
 h - a scroll of vulnerability {!r!r}
 i - a scroll of brand weapon
 k - a scroll of silence {!r}
 q - 2 scrolls of butterflies
Potions
 a - a potion of lignification {!q}
 b - a potion of curing {@q1}
 e - 2 potions of heal wounds {unknown}
 f - a potion of ambrosia {unknown}
 g - a potion of magic
 l - a potion of flight {unknown}
 n - 2 potions of haste {@q3}
 o - 3 potions of brilliance
 p - a potion of berserk rage {unknown}
 s - a potion of might {unknown}
Miscellaneous
 m - a condenser vane
   (You found it in a sewer)

Dungeon Overview and Level Annotations

Branches:
Dungeon (6/15) Zot: 26870  Temple (1/1) D:6 Zot: 5715   Sewer (visited)

Altars:
Ashenzari
Cheibriados
Dithmenos
Elyvilon
Fedhas
Gozag
Hepliaklqana
Makhleb
Qazlal
Ru
Sif Muna
Uskayaw
Vehumet
Wu Jian
Xom
Yredelemnul
Zin
The Shining One

#.≈.#..)###.≈
###.≈.#.≈≈._#.≈
#.#.≈.#.≈...#.≈ #
#..≈.#.≈...#.≈. ..
##.≈.#.≈_.##.≈.
...########.≈.#.≈≈≈...≈.
...c....)..≈.#....≈≈≈≈.
##....)).≈.#####.....
#..@.##.≈......#####
##J###..≈≈≈≈≈≈≈ . ...
.......... ≈≈ .....
.......... # #+#...
.......... #... .......
###+


You could see a centaur and a jelly.


Message History

You barely miss the orc.
You tail-slap the orc, but do no damage.
The orc completely misses you.
You hit the orc but do no damage. The orc hits you with a +0 hand axe.
The orc priest looks braver for a moment.
You barely miss the orc. The orc closely misses you. 😕 HP[-2]
You take 2 damage, and now have 57/59 hp.
You hit the orc priest.
The orc priest is poisoned.
Your punch misses the orc priest. The orc misses you.
The orc priest hits you with a +0 hand axe of venom!
The orc closely misses you.
You hit the orc priest.
The orc priest looks as sick as possible!
You punch the orc priest, but do no damage.
The orc misses you. The orc hits you with a +0 morningstar.
The orc priest begins to cast a cantrip, but forgets the words! 😕 HP[-8]
You take 8 damage, and now have 49/59 hp.
You hit the orc priest.
You kill the orc priest!
The orc barely misses you. The orc hits you but does no damage.
You barely miss the orc.
Your tail-slap misses the orc.
The orc barely misses you.
The orc hits you but does no damage. 😕 HP[+1]
You barely miss the orc.
You tail-slap the orc, but do no damage.
The orc misses you. The orc completely misses you.
You barely miss the orc. The orc hits you but does no damage.
The orc barely misses you.
You hit the orc.
The orc is poisoned.
You kill the orc!
The orc hits you but does no damage.
You hit the orc but do no damage.
The orc is poisoned.
The orc completely misses you. 😕 HP[+1]
You barely miss the orc. Your punch misses the orc.
The orc hits you with a +0 morningstar!
You hit the orc but do no damage.
The orc looks as sick as possible!
The orc closely misses you. 😮 HP[-7]
You take 7 damage, and now have 44/59 hp.
You hit the orc.
The orc looks as sick as possible!
You tail-slap the orc, but do no damage.
You kill the orc!
No target in view!
A jelly comes into view. 😕 HP[+2]
You regained 2 hp, and now have 46/59 hp.
Things that are here:
a +0 hand axe of venom; 2 potions of brilliance 😕 HP[+1]
A jelly is nearby!
A centaur comes into view.
The jelly misses you.
The centaur moves out of view.
You hit the jelly. The acid corrodes you!
Your hands burn!
The jelly hits you but does no damage.
There are monsters nearby!
There are monsters nearby!
You hit the jelly. The acid corrodes you!
Your hands burn!
The jelly closely misses you.
The centaur wields a +0 shortbow.
The centaur shoots an arrow.
The arrow barely misses you.
You hit the jelly but do no damage. The acid corrodes you!
Your hands burn!
You tail-slap the jelly, but do no damage.
The centaur shoots an arrow.
The arrow hits you!
* * * LOW HITPOINT WARNING * * *
The jelly barely misses you.
There are monsters nearby!
You are too injured to fight recklessly!
You are too injured to fight recklessly! 😨 HP[-20]
You take 20 damage, and now have 27/59 hp.
MASSIVE DAMAGE!! (PAUSE)
You hit the jelly but do no damage.
Your hands burn!
* * * LOW HITPOINT WARNING * * *
The jelly hits you.
* * * LOW HITPOINT WARNING * * *
You are splashed with acid!
* * * LOW HITPOINT WARNING * * *
The centaur shoots an arrow.
The arrow closely misses you. 😨 HP[-12]
You take 12 damage, and now have 15/59 hp.
MASSIVE DAMAGE!! (PAUSE)
You hit the jelly but do no damage.
Your hands burn!
* * * LOW HITPOINT WARNING * * *
The centaur shoots an arrow.
The arrow hits you!
* * * LOW HITPOINT WARNING * * *
The jelly misses you. 😱 HP[-12]
You take 12 damage, and now have 3/59 hp.
MASSIVE DAMAGE!! (PAUSE)
You feel better. The jelly hits you.
* * * LOW HITPOINT WARNING * * *
The acid corrodes you!
You are splashed with acid!
* * * LOW HITPOINT WARNING * * *
The centaur shoots an arrow.
The arrow misses you. 😱 HP[-2]
You take 2 damage, and now have 1/59 hp.
You feel better.
The centaur shoots an arrow.
The arrow hits you!
You die...

Skill      XL: |  1  2  3  4  5  6  7  8 |
---------------+-------------------------+-----
Transmutations | 3 4 5 6 |  6.5
Poison Magic   | 1 2 |  2.0
Unarmed Combat | 4 5 |  5.2
Spellcasting   | 3 4 |  4.2
Ice Magic      | 2 3 4 |  4.3
Fighting       | |  1.1
Dodging        | |  1.7

Action                   |  1- 3 |  4- 6 |  7- 9 || total
-------------------------+-------+-------+-------++-------
Melee: Unarmed           |    79 |    25 |    38 ||   142
       Tailslap          |    11 |    14 |    27 ||    52
       Headbutt          |     9 |     1 |       ||    10
       Kick              |    10 |     2 |       ||    12
       Punch             |     3 |     3 |     9 ||    15
       Short sword       |    33 |   169 |   183 ||   385
 Cast: Beastly Appendage |    14 |     3 |       ||    17
       Wereblood         |       |     1 |     3 ||     4
       Spider Form       |       |     3 |     4 ||     7
  Use: Scroll            |       |    13 |     1 ||    14
       Potion            |       |       |     2 ||     2
 Stab: Sleeping          |       |     2 |       ||     2
Armor: Skin              |    30 |    58 |    90 ||   178
Dodge: Dodged            |    61 |   155 |   194 ||   410

Levels and vault maps discovered:
D:1:      minmay_arrival_semitransparent, layout_basic, basic_ecumenical_altar,
          hex_medium
D:2:      layout_loops_ring, nicolae_figureground_sparkle, uniq_jessica
D:3:      layout_rooms, corexii_shack, minmay_misc_feat_tiny,
          minmay_joined_circles
D:4:      layout_basic, nicolae_overflow_two_pavilions,
          nicolae_figureground_pulse, uniq_eustachio
D:5:      layout_cave_pods, tso_oasis_becter, gup_sewer_entry_bubbles
D:6:      layout_gridville, nicolae_overflow_squiral,
          minmay_temple_entry_overgrown, wad_floor_pattern_1
Temple:   nicolae_temple_figure_eight

Notes
Turn   | Place    | Note
-------+----------+-------------------------------------------
     0 | D:1      | kae the Draconian Transmuter began the quest for the Orb.
     0 | D:1      | Reached XP level 1. HP: 16/16 MP: 3/3
     0 | D:1      | magus.rc [v1.11.3]
    21 | D:1      | Found a faded altar of an unknown god.
   104 | D:1      | Reached XP level 2. HP: 23/23 MP: 3/5
   440 | D:1      | Learned a level 2 spell: Wereblood
   585 | D:1      | Reached XP level 3. HP: 28/28 MP: 6/6
   589 | D:1      | Learned a level 3 spell: Spider Form
  1216 | D:2      | Reached skill level 3 in Transmutations
  1349 | D:2      | Noticed Jessica
  1355 | D:2      | Killed Jessica
  1356 | D:2      | Reached skill level 1 in Poison Magic
  1356 | D:2      | Reached XP level 4. HP: 35/35 MP: 5/7
  2377 | D:4      | Reached XP level 5. HP: 40/40 MP: 8/8
  2414 | D:4      | Noticed Eustachio
  2585 | D:4      | Reached skill level 2 in Poison Magic
  2673 | D:4      | HP: 10/40 [ufetubus[Eustachio] (2)]
  3011 | D:4      | Killed Eustachio
  3012 | D:4      | Reached skill level 4 in Unarmed Combat
  3012 | D:4      | Reached skill level 3 in Spellcasting
  3012 | D:4      | Reached skill level 4 in Transmutations
  3012 | D:4      | Reached XP level 6. HP: 36/47 MP: 7/10
  3018 | D:4      | Learned a level 4 spell: Ice Form
  3342 | D:4      | Reached skill level 1 in Ice Magic
  3569 | D:4      | Found a white marble altar of Elyvilon.
  3569 | D:4      | Found a radiant altar of Vehumet.
  3819 | D:5      | Entered Level 5 of the Dungeon
  3857 | D:5      | Reached skill level 5 in Transmutations
  3857 | D:5      | Reached skill level 2 in Ice Magic
  3857 | D:5      | Your scales start taking on a dull iron-grey colour.
  3857 | D:5      | Reached XP level 7. HP: 37/52 MP: 7/12
  3998 | D:5      | Found a glowing drain.
  4006 | Sewer    | Entered a sewer
  4077 | Sewer    | Reached skill level 3 in Ice Magic
  4827 | D:5      | Found a glowing golden altar of the Shining One.
  4949 | D:5      | Reached skill level 5 in Unarmed Combat
  4949 | D:5      | Reached skill level 4 in Spellcasting
  4949 | D:5      | Reached skill level 6 in Transmutations
  4949 | D:5      | Reached XP level 8. HP: 54/59 MP: 12/14
  5043 | D:5      | Reached skill level 4 in Ice Magic
  5129 | D:6      | Found a staircase to the Ecumenical Temple.
  5146 | Temple   | Entered the Ecumenical Temple
  5418 | Temple   | Became a worshipper of Ru the Awakened
  5473 | D:6      | Found a shimmering altar of Xom.
  5474 | D:6      | Found a stormy altar of Qazlal.
  5519 | D:6      | HP: 13/59 [acid (2)]
  5519 | D:6      | HP: 3/59 [centaur/arrow (10)]
  5520 | D:6      | HP: 1/59 [acid (8)]
  5521 | D:6      | Shot with an arrow by a centaur

Vanquished Creatures
  Eustachio (D:4)
  2 black bears (D:5)
  An ogre (D:6)
  A phantom (D:5)
  2 bullfrogs (Sewer)
  2 necrophages
  A jelly (D:5)
  2 orc priests (D:6)
  3 hounds
  Jessica (D:2)
  2 iguanas
  An orc wizard (D:5)
  6 adders
  A river rat (D:5)
  A shadow imp (D:5)
  2 white imps (D:5)
  An ufetubus (D:5)
  4 worms
  4 dart slugs
  12 orcs
  10 endoplasms
  13 giant cockroaches
  14 goblins
  14 hobgoblins
  2 jackals (D:1)
  15 quokkas
  7 ball pythons
  6 bats
  9 frilled lizards
  6 kobolds
  7 rats
153 creatures vanquished.

Vanquished Creatures (others)
  4 plants
4 creatures vanquished.

Grand Total: 157 creatures vanquished

Table legend:
 A = Non-vault XP
 B = Vault XP
 C = Vault XP percentage of total XP
 D = Non-vault monster count
 E = Vault monster count
 F = Vault count percentage of total count
                 A         B        C        D         E       F
            +---------+---------+-------+---------+---------+-------
      Total |    1301 |     546 |  29.6 |     105 |      48 |  31.4
            +---------+---------+-------+---------+---------+-------
        D:1 |      45 |       0 |   0.0 |      26 |       0 |   0.0
        D:2 |      19 |      37 |  66.1 |      10 |       1 |   9.1
        D:3 |      52 |      42 |  44.7 |      24 |      15 |  38.5
        D:4 |     195 |     203 |  51.0 |      16 |       1 |   5.9
        D:5 |     734 |      28 |   3.7 |      20 |       7 |  25.9
        D:6 |     256 |       0 |   0.0 |       9 |       0 |   0.0
      Sewer |       0 |     236 | 100.0 |       0 |      24 | 100.0
            +---------+---------+-------+---------+---------+-------

Illustrated notes

Table legend:
 A = Kills in this place as a percentage of kills in entire the game.
 B = Kills by you in this place as a percentage of kills by you in the entire game.
 C = Kills by friends in this place as a percentage of kills by friends in the entire game.
 D = Other kills in this place as a percentage of other kills in the entire game.
 E = Experience gained in this place as a percentage of experience gained in the entire game.
 F = Experience gained in this place divided by the number of levels of this place that you have seen.
                   A       B       C       D       E      F
               +-------+-------+-------+-------+-------+----------------------
         Total | 100.0 | 100.0 |   N/A |   N/A | 100.0 | 230.9
       Dungeon |  84.3 |  84.3 |   N/A |   N/A |  87.2 | 268.5
         Sewer |  15.7 |  15.7 |   N/A |   N/A |  12.8 | 236.0
               +-------+-------+-------+-------+-------+----------------------

Table legend: (Time is in decaauts)
 A = Elapsed time spent in this place.
 B = Non-inter-level travel time spent in this place.
 C = Inter-level travel time spent in this place.
 D = Time resting spent in this place.
 E = Time spent auto-exploring this place.
 F = Levels seen in this place.
 G = Mean time per level.
                   A        B        C        D        E       F      G
               +--------+--------+--------+--------+--------+-----+--------+
         Total |   5520 |   5304 |    216 |    425 |   3756 |   8 |  690.0 |
       Dungeon |   4954 |   4769 |    185 |    425 |   3355 |   6 |  825.7 |
        Temple |    284 |    253 |     31 |      0 |    248 |   1 |  284.0 |
         Sewer |    281 |    281 |      0 |      0 |    153 |   1 |  281.0 |
               +--------+--------+--------+--------+--------+-----+--------+

Top non-repeatable levels by time:
     D:3: 1135 daAuts
     D:5: 1006 daAuts
     D:4: 1005 daAuts
     D:1: 924 daAuts
     D:2: 753 daAuts
  Temple: 284 daAuts
   Sewer: 281 daAuts
     D:6: 128 daAuts
